 Dungeon Crawl Stone Soup version 0.27-a0-1319-geec4fb4e21 (webtiles) character file.

Game seed: 2701142408778785314

46 Lanoc the Conjurer (level 3, -1/24 HPs)
             Began as a Demonspawn Conjurer on June 21, 2021.
             Was a Follower of Ru.
             Slain by an adder (4 damage)
             ... on level 1 of the Dungeon.
             The game lasted 00:02:49 (1489 turns).

Lanoc the Conjurer (Demonspawn Conjurer)            Turns: 1489, Time: 00:02:50

Health: -1/24      AC:  3    Str:  7    XL:     3   Next: 44%
Magic:  0/6        EV: 12    Int: 20    God:    Ru [*.....]
Gold:   41         SH:  0    Dex: 11    Spells: 3/6 levels left

rFire    . . .     SeeInvis .   (no weapon)
rCold    . . .     Faith    .   (no shield)
rNeg     . . .     Spirit   .   a - +0 robe
rPois    .         Reflect  .   (no helmet)
rElec    .         Harm     .   d - +0 cloak
rCorr    .         Rampage  .   (no gloves)
Will     .....                  (no boots)
Stlth    ++........             (no amulet)
HPRegen  0.08/turn              (no ring)
MPRegen  0.10/turn              (no ring)

@: lethally poisoned (-1 -> -2)
A: claws 1, hated by all
a: Renounce Religion


You were on level 1 of the Dungeon.
You worshipped Ru.
Ru was aware of your devotion.
You visited 1 branch of the dungeon, and saw 2 of its levels.

You collected 41 gold pieces.

Inventory:

Armour
 a - a +0 robe (worn)
 d - a +0 cloak (worn)
Jewellery
 g - a ring of positive energy
Scrolls
 b - a scroll of enchant armour {unknown}
 e - a scroll of holy word {unknown}
 f - a scroll of teleportation {unknown}
Potions
 c - a potion of attraction {unknown}
 h - 2 potions of haste {unknown}


   Skills:
 + Level 2.4 Dodging
 - Level 1.7 Stealth
 - Level 2.0 Spellcasting
 * Level 4.9 Conjurations


You had 3 spell levels left.
You knew the following spells:

 Your Spells              Type           Power      Damage    Failure   Level
a - Magic Dart            Conj           84%        1d7       1%          1
b - Searing Ray           Conj           42%        3d4       3%          2

Your spell library contained the following spells:

 Spells                   Type           Power      Damage    Failure   Level
 Dazzling Flash           Conj/Hex       22%        N/A       17%         3
 Fulminant Prism          Conj/Hex       5%         3d7       50%         4
 Iskenderun's Mystic Bla  Conj/Tloc      11%        2d4       50%         4


Dungeon Overview and Level Annotations

Branches:
Dungeon (2/15)

Altars:
Ru


Innate Abilities, Weirdness & Mutations

You have sharp fingernails.
You are hated by all.


Message History

Aim: a rat (78% to hit)
The searing ray hits the rat!
You kill the rat! (Press . to maintain the ray.)
The adder bites you. The adder closely misses you.
Casting: Searing Ray (safe; 3% risk of failure)
Confirm with . or Enter, or press ? or * to list all spells.
Aiming: Searing Ray (safe; 3% risk of failure)
Press: ? - help, Shift-Dir - straight line, f - adder
Aim: an adder (63% to hit)
The searing ray hits the adder!
The adder is severely wounded. (Press . to maintain the ray.)
The adder bites you but does no damage.
The searing ray misses the adder.
The adder bites you.
You are poisoned.
The adder poisons you!
The searing ray misses the adder.
You feel sick. The adder bites you but does no damage.
The adder barely misses you.
You feel sick.
Things that are here:
a rat corpse; a jackal corpse You feel sick.
You feel sick.
You feel sick. The adder bites you.
You are more poisoned.
The adder poisons you!
You feel sick.
You feel sick.
You feel sick. The adder bites you.
* * * LOW HITPOINT WARNING * * *
Casting: Searing Ray (safe; 3% risk of failure)
Confirm with . or Enter, or press ? or * to list all spells.
Aiming: Magic Dart (safe; 1% risk of failure)
Press: ? - help, Shift-Dir - straight line, f/p - adder
Aim: an adder (severely wounded, 100% to hit)
The magic dart hits the adder.
The adder is almost dead.
You feel sick. The adder bites you.
You die...

#..........# ###..........# ###
#............#
..#######.#...#########
#......)..###.........#
####...).## ###..####.# ##....#
#.....#.#
#####....######...#.#.###########
................@S....†>.........
###############.(.#.#.##########)
#.....#.........##.
#.#.......#####.##. #.##..8#8...#
#.##. #.##..#)#.#.# #.##.
#####.8#8...# #.##. #.....###
#.##. ###############.#..## #.##.


You could see an adder.

Vanquished Creatures
  A gnoll (D:1)
  2 ball pythons (D:1)
  3 endoplasms
  2 goblins (D:1)
  3 hobgoblins (D:1)
  6 jackals
  2 quokkas (D:1)
  2 bats (D:1)
  5 frilled lizards (D:1)
  3 kobolds (D:1)
  5 rats
34 creatures vanquished.

Notes
Turn   | Place    | Note
-------+----------+-------------------------------------------
     0 | D:1      | Lanoc the Demonspawn Conjurer began the quest for the Orb.
     0 | D:1      | Reached XP level 1. HP: 13/13 MP: 3/3
   384 | D:1      | Gained mutation: You have sharp fingernails. [demonic
                  | ancestry]
   384 | D:1      | Reached XP level 2. HP: 19/19 MP: 1/5
   643 | D:1      | Found a faded altar of an unknown god.
   693 | D:1      | Learned a level 2 spell: Searing Ray
   782 | D:1      | Became a worshipper of Ru the Awakened
   829 | D:1      | Reached XP level 3. HP: 17/24 MP: 0/6
   829 | D:1      | Gained mutation: You are hated by all. [Ru sacrifice]
   829 | D:1      | Reached * piety under Ru
  1489 | D:1      | Slain by an adder

Illustrated notes

Levels and vault maps discovered:
D:1:      wander_arrival_lonely_grave, layout_basic,
          chequers_ecumenical_altar_island, minmay_statues_item, st_stairs_10,
          minmay_misc_feat_diagonals
D:2:      layout_rooms, serial_forest, infiniplex_forest_3_way,
          infiniplex_forest_straight_3, infiniplex_forest_clump_curved,
          infiniplex_forest_clump_medium, infiniplex_forest_clump_double,
          infiniplex_forest_lined_3, infiniplex_forest_lined_2,
          hangedman_feature_mirror

Skill      XL: |  1 |
---------------+----+-----
Dodging        | 2 |  2.4
Stealth        | |  1.7
Spellcasting   | |  2.0
Conjurations   | |  4.9

Action                   || total
-------------------------++-------
Melee: Unarmed           ||    20
 Cast: Magic Dart        ||    61
       Searing Ray       ||     2
Invok: Sacrifice Love    ||     1
Armor: Robe              ||    14
Dodge: Dodged            ||    29

Table legend: (Time is in decaauts)
 A = Elapsed time spent in this place.
 B = Non-inter-level travel time spent in this place.
 C = Inter-level travel time spent in this place.
 D = Time resting spent in this place.
 E = Time spent auto-exploring this place.
 F = Levels seen in this place.
 G = Mean time per level.
                   A        B        C        D        E       F      G
               +--------+--------+--------+--------+--------+-----+--------+
         Total |   1501 |   1488 |     13 |     52 |   1159 |   2 |  750.5 |
       Dungeon |   1501 |   1488 |     13 |     52 |   1159 |   2 |  750.5 |
               +--------+--------+--------+--------+--------+-----+--------+

Top non-repeatable levels by time:
     D:1: 1489 daAuts
     D:2: 11 daAuts
